 Dungeon Crawl Stone Soup version 0.30-a0-630-g881e3bac89 (webtiles) character file.

Game seed: 9155579888575695867

124 Rrauwl the Trooper (level 5, 0/61 HPs)
             Began as an Ogre Brigand on Jan 13, 2023.
             Slain by an orc priest
             ... wielding a +0 war axe
              (11 damage)
             ... on level 3 of the Dungeon.
             The game lasted 00:06:58 (2499 turns).

Rrauwl the Trooper (Ogre Brigand)                   Turns: 2499, Time: 00:06:58

Health: 0/61       AC:  4    Str: 17      XL:     5   Next: 8%
Magic:  5/5        EV:  9    Int:  9 (12) God:
Gold:   148        SH:  0    Dex: 10      Spells: 4/4 levels left

rFire   . . .      SeeInvis .    a - +2 dagger
rCold   . . .      Faith    .    (no shield)
rNeg    . . .      Spirit   .    b - +0 robe
rPois   .          Reflect  .    (helmet restricted)
rElec   .          Harm     .    c - +0 cloak
rCorr   .          Rampage  .    (gloves unavailable)
Will    .....                    (boots unavailable)
Stlth   ++                       (no amulet)
HPRegen 0.30/turn                (no ring)
MPRegen 0.09/turn                (no ring)

@: no status effects
A: large, unfitting armour, tough skin 1
a: no special abilities


You were on level 3 of the Dungeon.
You visited 1 branch of the dungeon, and saw 3 of its levels.

You collected 148 gold pieces.

Inventory:

Hand Weapons
 a - a +2 dagger (weapon)
Missiles
 d - 7 poisoned darts (quivered)
 e - 3 curare-tipped darts
 h - 3 atropa-tipped darts
Armour
 b - a +0 robe (worn)
 c - a +0 cloak (worn)
Scrolls
 f - 3 scrolls of identify
 g - 2 scrolls of immolation
 i - a scroll of fog {unknown}


   Skills:
 + Level 6.6 Fighting
 - Level 2.0 Short Blades
 - Level 2.0 Throwing
 - Level 1.0 Dodging
 - Level 3.0 Stealth


You had 4 spell levels left.
You didn't know any spells.
Your spell library contained the following spells:

 Spells                   Type           Power      Damage    Failure   Level
 Apportation              Tloc           0%         N/A       38%         1
 Beastly Appendage        Tmut           0%         N/A       38%         1
 Magic Dart               Conj           0%         1d3       38%         1
 Necrotise                Necr           0%         1d4       38%         1
 Summon Small Mammal      Summ           0%         N/A       38%         1
 Call Imp                 Summ           0%         N/A       52%         2
 Wereblood                Tmut           0%         N/A       52%         2
 Mephitic Cloud           Conj/Pois/Air  0%         N/A       77%         3
 Spider Form              Tmut/Pois      0%         N/A       77%         3


Dungeon Overview and Level Annotations

Branches:
Dungeon (3/15)

Altars:
Vehumet

Shops:
D:2 !


Innate Abilities, Weirdness & Mutations

You are too large for most types of armour.
You have tough skin. (AC +1)


Message History

The orc priest is moderately wounded.
The orc priest hits you with a +0 war axe!
You hit the orc priest but do no damage.
The orc priest is moderately wounded.
The orc priest hits you with a +0 war axe.
You hit the orc priest but do no damage.
The orc priest is moderately wounded.
The orc priest hits you with a +0 war axe!
* * * LOW HITPOINT WARNING * * *
You feel better.
The orc priest hits you with a +0 war axe.
* * * LOW HITPOINT WARNING * * *
You feel better. The orc priest closely misses you.
You aren't carrying any items that you can evoke.
Throw: 9 darts (poison)
Press: ? - help, Q - select action, (/) - cycle Shift-Dir - straight line, f - orc priest
Aim: an orc priest, wielding a +0 war axe and wearing a +0 scale mail (moderately wounded, 64% to hit)
You throw a poisoned dart. The poisoned dart hits the orc priest.
The orc priest is poisoned.
The orc priest is moderately wounded.
The orc priest calls down the wrath of Beogh upon you.
Pain shoots through your body!
Throw: 8 darts (poison)
Press: ? - help, Q - select action, (/) - cycle Shift-Dir - straight line, f/p - orc priest
Aim: an orc priest, wielding a +0 war axe and wearing a +0 scale mail (moderately wounded, poisoned, 64% to hit)
You throw a poisoned dart. The poisoned dart hits the orc priest.
The orc priest is moderately wounded.
The orc priest hits you with a +0 war axe!
* * * LOW HITPOINT WARNING * * *
Throw: 4 darts (atropa)
Press: ? - help, Shift-Dir - straight line, f/p - orc priest
Aim: an orc priest, wielding a +0 war axe and wearing a +0 scale mail (moderately wounded, poisoned, 64% to hit, chance to blind on hit: 86%)
You throw an atropa-tipped dart.
The atropa-tipped dart hits the orc priest.
The orc priest appears confused.
The orc priest is moderately wounded.
You hit the orc priest but do no damage.
The orc priest is heavily wounded.
The orc priest hits you with a +0 war axe!
You die...

# ################
...............#
############.#.#
.......).....#.#
##.#########.#.#######
..... .......oo@....+
##...[.......g)#######
#.#.............#
..#.###########..#
..#.# ...♣ ..# # #..♣
..o~ .oo~~ ~~~g~


You could see an orc priest (confused, blind, poisoned), an orc wizard and a
goblin.

Vanquished Creatures
  Robin (D:2)
  4 adders
  2 worms (D:2)
  2 dart slugs
  3 orcs (D:3)
  3 bats (D:1)
  6 endoplasms
  4 giant cockroaches
  8 goblins
  7 hobgoblins
  4 jackals (D:1)
  A quokka (D:2)
  7 ball pythons
  A frilled lizard (D:1)
  A kobold (D:3)
  7 rats
61 creatures vanquished.

Vanquished Creatures (others)
  3 plants (D:3)
3 creatures vanquished.

Grand Total: 64 creatures vanquished

Notes
Turn   | Place    | Note
-------+----------+-------------------------------------------
     0 | D:1      | Rrauwl the Ogre Brigand began the quest for the Orb.
     0 | D:1      | Reached XP level 1. HP: 22/22 MP: 1/1
    20 | D:1      | Reached skill level 1 in Dodging
    50 | D:1      | Reached skill level 3 in Fighting
    62 | D:1      | Reached XP level 2. HP: 30/31 MP: 2/2
   370 | D:1      | Reached skill level 4 in Fighting
   498 | D:1      | Reached XP level 3. HP: 27/39 MP: 3/3
   984 | D:2      | Noticed Robin
  1017 | D:2      | Killed Robin
  1018 | D:2      | Reached skill level 5 in Fighting
  1031 | D:2      | HP: 2/42 [giant cockroach (2)]
  1036 | D:2      | HP: 2/42 [giant cockroach (1)]
  1362 | D:2      | Reached XP level 4. HP: 30/50 MP: 4/4
  1491 | D:2      | Found a radiant altar of Vehumet.
  1979 | D:2      | Reached skill level 6 in Fighting
  2111 | D:2      | Found Umnaetes's Distillery.
  2387 | D:3      | Reached XP level 5. HP: 49/61 MP: 5/5
  2499 | D:3      | Slain by an orc priest

Illustrated notes

Levels and vault maps discovered:
D:1:      grunt_arrival_lava_bath, layout_loops_ring
D:2:      layout_loops_corners, serial_shops, nicolae_shop_waterfront,
          basic_altar, uniq_robin
D:3:      layout_basic, nicolae_ru_the_path_less_chosen, serial_bayou_ford_a

Skill      XL: |  1  2  3  4 |
---------------+-------------+-----
Dodging        | 1 |  1.0
Stealth        | 3 |  3.0
Fighting       | 3 4 5 6 |  6.6
Short Blades   | 2 |  2.0
Throwing       | |  2.0

Action                   |  1- 3 |  4- 6 || total
-------------------------+-------+-------++-------
Melee: Dagger            |   171 |   116 ||   287
       Punch             |     1 |     2 ||     3
Throw: Dart              |     1 |     9 ||    10
  Use: Potion            |     4 |     6 ||    10
       Scroll            |     1 |       ||     1
 Stab: Sleeping          |     2 |     3 ||     5
Armor: Robe              |    62 |    29 ||    91
Dodge: Dodged            |    82 |    37 ||   119

Table legend: (Time is in decaauts)
 A = Elapsed time spent in this place.
 B = Non-inter-level travel time spent in this place.
 C = Inter-level travel time spent in this place.
 D = Time resting spent in this place.
 E = Time spent auto-exploring this place.
 F = Levels seen in this place.
 G = Mean time per level.
                   A        B        C        D        E       F      G
               +--------+--------+--------+--------+--------+-----+--------+
         Total |   2475 |   2425 |     50 |     25 |   1894 |   3 |  825.0 |
       Dungeon |   2475 |   2425 |     50 |     25 |   1894 |   3 |  825.0 |
               +--------+--------+--------+--------+--------+-----+--------+

Top non-repeatable levels by time:
     D:2: 1442 daAuts
     D:1: 881 daAuts
     D:3: 152 daAuts
